 Dungeon Crawl Stone Soup version 0.21.0-37-g46506fa (webtiles) character file.

963 tidbits the Insei (level 8, 34/60 HPs)
             Began as a Gnoll Transmuter on Feb 1, 2018.
             Quit the game on level 9 of the Dungeon.
             The game lasted 00:12:32 (1112 turns).

tidbits the Insei (Gnoll Transmuter)                Turns: 1112, Time: 00:12:33

Health: 34/60      AC:  4    Str: 12    XL:     8   Next: 15%
Magic:  16/16      EV: 21    Int: 18    God:
Gold:   79         SH:  0    Dex: 21    Spells: 12/18 levels left

rFire    + . .     SeeInvis .     - Unarmed
rCold    + + .     Gourm    .   (no shield)
rNeg     . . .     Faith    .   b - +0 robe
rPois    .         Spirit   .   (no helmet)
rElec    .         Reflect  .   C - scarf {rC+ rF+}
rCorr    .         Harm     .   (no gloves)
MR       .....                  F - +1 pair of boots
Stlth    ++........             (no amulet)
HPRegen  0.20/turn              (no ring)
MPRegen  0.15/turn              (no ring)

@: confused, agile
A: distributed training, fangs 1, cold resistance 1, strong nose
a: no special abilities


You were on level 9 of the Dungeon.
You were not hungry.

You visited 2 branches of the dungeon, and saw 10 of its levels.

You collected 79 gold pieces.

Inventory:

Hand Weapons
 j - a cursed -2 spear
Missiles
 a - 49 arrows
 i - a throwing net (quivered) {!f}
Armour
 b - a +0 robe (worn)
 m - a +1 ring mail of fire resistance
   (You took it off an orc priest on level 5 of the Dungeon)
 C - a scarf of resistance (worn)
   (You found it on level 8 of the Dungeon)
 F - a +1 pair of boots (worn)
Wands
 o - a wand of random effects (15)
Scrolls
 e - a scroll of random uselessness
 p - a scroll of fog
Potions
 g - a potion of degeneration
 h - 2 potions of brilliance
 k - a potion of curing
Books
 c - a book of Changes

   Spells                             Type                      Level
   a - Beastly Appendage              Transmutation                1
   b - Sticks to Snakes               Transmutation                2
   c - Spider Form                    Transmutation/Poison         3
   d - Ice Form                       Ice/Transmutation            4
   e - Blade Hands                    Transmutation                5
 f - a book of Maledictions
   (You found it on level 5 of the Dungeon)

   Spells                             Type                      Level
   a - Corona                         Hexes                        1
   b - Ensorcelled Hibernation        Hexes/Ice                    2
   c - Confuse                        Hexes                        3
   d - Tukima's Dance                 Hexes                        3
   e - Dazzling Spray                 Conjuration/Hexes            3
Miscellaneous
 u - a phantom mirror
Comestibles
 d - 4 rations


   Skills:
 + Level 4.0 Fighting
 + Level 2.9 Short Blades
 + Level 2.9 Long Blades
 + Level 2.9 Axes
 + Level 2.9 Maces & Flails
 + Level 2.9 Polearms
 + Level 2.9 Staves
 + Level 2.9 Slings
 + Level 2.9 Bows
 + Level 2.9 Crossbows
 + Level 2.9 Throwing
 + Level 2.9 Armour
 + Level 5.5 Dodging
 + Level 2.9 Stealth
 + Level 2.9 Shields
 + Level 7.2 Unarmed Combat
 + Level 5.8 Spellcasting
 + Level 2.3 Conjurations
 + Level 2.3 Hexes
 + Level 2.3 Charms
 + Level 2.3 Summonings
 + Level 2.3 Necromancy
 + Level 2.3 Translocations
 + Level 4.5 Transmutations
 + Level 2.3 Fire Magic
 + Level 2.3 Ice Magic
 + Level 2.3 Air Magic
 + Level 2.3 Earth Magic
 + Level 2.3 Poison Magic
 + Level 3.2 Invocations
 + Level 2.9 Evocations


You had 12 spell levels left.
You knew the following spells:

 Your Spells              Type           Power        Failure   Level  Hunger
e - Beastly Appendage     Tmut           ###...       1%          1    None
k - Sticks to Snakes      Tmut           ###.....     2%          2    None
p - Spider Form           Tmut/Pois      ###.......   9%          3    ##.....


Dungeon Overview and Level Annotations

Branches:
Dungeon (9/15)             Temple (1/1) D:5
   Lair: D:8-11         Orc: D:9-12

Altars:
Dithmenos
Elyvilon
Fedhas
Gozag
Hepliaklqana
Kikubaaqudgha
Makhleb
Okawaru
Qazlal
Sif Muna
Trog
Uskayaw
Vehumet
Xom
Zin


Innate Abilities, Weirdness & Mutations

Your experience applies equally to all skills.
You have very sharp teeth.
Your uncanny sense of smell can sniff out nearby items.
Your flesh is cold resistant. (rC+)


Message History

Found a phantom mirror.
There is a stone staircase leading up here.
Unknown command.
You see here a phantom mirror.
u - a phantom mirror
There is a stone staircase leading up here.
You climb upwards.
There is a stone staircase leading down here.
Unknown command.
An orc priest comes into view.
The orc priest shouts!
An orc wizard comes into view. It is wielding a dagger.
There is a stone staircase leading down here.
The orc wizard shouts!
You climb downwards.
Found 14 gold pieces.
There is a stone staircase leading up here.
Unknown command.
A hungry ghost comes into view.
Casting: Spider Form
Confirm with . or Enter, or press ? or * to list all spells.
You turn into a venomous arachnid creature.
Your scarf of resistance melds into your body.
Your +0 pair of boots melds into your body.
Your +0 robe melds into your body.
You feel hot and cold all over.
You see here 14 gold pieces.
You now have 61 gold pieces (gained 14).
Your transformation is almost over.
Found a shadowy altar of Dithmenos.
Found 18 gold pieces.
The helpless hungry ghost fails to defend itself.
You bite the hungry ghost!
The hungry ghost is heavily damaged.
The hungry ghost hits you.
You bite the hungry ghost!
The hungry ghost is severely damaged.
The hungry ghost misses you.
You closely miss the hungry ghost.
The hungry ghost is severely damaged.
The hungry ghost misses you.
You closely miss the hungry ghost.
The hungry ghost is severely damaged.
The hungry ghost completely misses you.
You hit the hungry ghost.
The hungry ghost is severely damaged.
You hit the hungry ghost.
The hungry ghost is severely damaged.
The hungry ghost closely misses you.
You bite the hungry ghost!
You destroy the hungry ghost!
Your Fighting skill increases to level 4!
You have reached level 8!
You feel clever.
Your transformation has ended.
Your scarf of resistance unmelds from your body.
Your +0 pair of boots unmelds from your body.
Your +0 robe unmelds from your body.
You feel resistant to extremes of temperature.
You see here 18 gold pieces.
You now have 79 gold pieces (gained 18).
A vampire comes into view.
The vampire mumbles some strange words.
The vampire flickers and vanishes!
As you read the scroll labeled FAISHA QOTAEB, it crumbles to dust.
It is a scroll of identify.
p - a scroll of fog
As you read the scroll labeled ZAHUNK CUQON, it crumbles to dust.
You assume a fearsome visage.
Nothing appears to happen.
It was a scroll of fear.
As you read the scroll labeled HOMEDYD YMIXA, it crumbles to dust.
You feel blessed for a moment.
It was a scroll of remove curse.
As you read the scroll labeled NUCADIREGG, it crumbles to dust.
It is a scroll of enchant armour.
Your +0 pair of boots glows green for a moment.
Okay, then.
It was a potion of agility.
You feel agile all of a sudden.
It was a potion of ambrosia.
You are confused.
You feel invigorated.
You hear some strange, mumbled words.
You are more confused.
Unknown command.
You bump into the rock wall.
You feel less invigorated.
You hear some strange, mumbled words.
You are more confused.
You're too confused to move!
You bump into the rock wall.
Something closely misses you. x2
You bump into the rock wall.
Something closely misses you. Something bites you!
Something draws strength from your injuries!
You bump into the rock wall.
Something closely misses you. x2
Unknown command.
You closely miss something.
You hear some strange, mumbled words.
You are more confused.
You bump into the rock wall.
Something barely misses you. Something bites you!
Something draws strength from your injuries!
You're too confused to move!
Something barely misses you. Something bites you.
Something draws strength from your injuries!
Are you sure you want to abandon this character and quit the game? (Confirm with "yes".)

#########################
........{@.............<#
##############.##########
∆ ##.## ##...## ##.....##
#.......# ∆ #..._...#
#.......# ##.....##


There were no monsters in sight!

Vanquished Creatures
  A hornet (D:7)
  A hungry ghost (D:9)
  An ogre (D:7)
  A phantom (D:7)
  A centaur (D:5)
  A water moccasin skeleton (D:5)
  3 crimson imps (D:5)
  A jelly (D:7)
  3 orc priests (D:5)
  An orc wizard (D:5)
  A worker ant (D:5)
  5 adders
  A shadow imp (D:6)
  An adder skeleton (D:5)
  A worm (D:5)
  2 dart slugs (D:1)
  2 leopard geckos (D:2)
  3 orcs (D:5)
  3 ball pythons
  5 giant cockroaches
  2 goblins (D:1)
  3 hobgoblins
  3 jackals (D:3)
  A kobold (D:1)
  A quokka (D:2)
  3 bats (D:1)
  2 frilled lizards
  A jackal zombie (D:5)
  A quokka zombie (D:7)
  4 rats
59 creatures vanquished.

Vanquished Creatures (collateral kills)
  An orc wizard (D:5)
  3 orcs (D:5)
4 creatures vanquished.

Grand Total: 63 creatures vanquished

Notes
Turn   | Place    | Note
-------+----------+-------------------------------------------
     0 | D:1      | tidbits the Gnoll Transmuter began the quest for the Orb.
     0 | D:1      | Reached XP level 1. HP: 17/17 MP: 6/6
    47 | D:1      | Reached XP level 2. HP: 20/23 MP: 5/7
    64 | D:1      | Learned a level 2 spell: Sticks to Snakes
   190 | D:2      | Reached XP level 3. HP: 28/28 MP: 7/9
   196 | D:2      | Learned a level 3 spell: Spider Form
   217 | D:3      | Reached skill level 5 in Spellcasting
   274 | D:3      | Reached skill level 1 in Invocations
   457 | D:3      | Reached skill level 1 in Short Blades
   457 | D:3      | Reached skill level 1 in Long Blades
   457 | D:3      | Reached skill level 1 in Axes
   457 | D:3      | Reached skill level 1 in Maces & Flails
   457 | D:3      | Reached skill level 1 in Polearms
   457 | D:3      | Reached skill level 1 in Staves
   457 | D:3      | Reached skill level 1 in Slings
   457 | D:3      | Reached skill level 1 in Bows
   457 | D:3      | Reached skill level 1 in Crossbows
   457 | D:3      | Reached skill level 1 in Throwing
   457 | D:3      | Reached skill level 1 in Armour
   457 | D:3      | Reached skill level 1 in Stealth
   457 | D:3      | Reached skill level 1 in Shields
   457 | D:3      | Reached skill level 1 in Evocations
   476 | D:4      | Found a white marble altar of Elyvilon.
   511 | D:5      | Entered Level 5 of the Dungeon
   517 | D:5      | Noticed a centaur
   521 | D:5      | Found a staircase to the Ecumenical Temple.
   532 | Temple   | Entered the Ecumenical Temple
   611 | D:5      | Reached XP level 4. HP: 34/34 MP: 7/11
   616 | D:5      | Killed a centaur
   616 | D:5      | Reached skill level 3 in Fighting
   616 | D:5      | Reached skill level 1 in Conjurations
   616 | D:5      | Reached skill level 1 in Hexes
   616 | D:5      | Reached skill level 1 in Charms
   616 | D:5      | Reached skill level 1 in Summonings
   616 | D:5      | Reached skill level 1 in Necromancy
   616 | D:5      | Reached skill level 1 in Translocations
   616 | D:5      | Reached skill level 1 in Fire Magic
   616 | D:5      | Reached skill level 1 in Ice Magic
   616 | D:5      | Reached skill level 1 in Air Magic
   616 | D:5      | Reached skill level 1 in Earth Magic
   616 | D:5      | Reached skill level 1 in Poison Magic
   616 | D:5      | Reached XP level 5. HP: 26/41 MP: 5/12
   638 | D:5      | Reached skill level 4 in Transmutations
   656 | D:5      | Reached XP level 6. HP: 26/47 MP: 4/13
   660 | D:5      | Reached skill level 2 in Invocations
   697 | D:5      | Reached skill level 5 in Dodging
   704 | D:5      | Reached skill level 2 in Short Blades
   704 | D:5      | Reached skill level 2 in Long Blades
   704 | D:5      | Reached skill level 2 in Axes
   704 | D:5      | Reached skill level 2 in Maces & Flails
   704 | D:5      | Reached skill level 2 in Polearms
   704 | D:5      | Reached skill level 2 in Staves
   704 | D:5      | Reached skill level 2 in Slings
   704 | D:5      | Reached skill level 2 in Bows
   704 | D:5      | Reached skill level 2 in Crossbows
   704 | D:5      | Reached skill level 2 in Throwing
   704 | D:5      | Reached skill level 2 in Armour
   704 | D:5      | Reached skill level 2 in Stealth
   704 | D:5      | Reached skill level 2 in Shields
   704 | D:5      | Reached skill level 2 in Evocations
   707 | D:5      | Gained mutation: You are clumsy. (Dex -2) [potion of mutation]
   707 | D:5      | Gained mutation: Your flesh is cold resistant. (rC+) [potion of mutation]
   707 | D:5      | Lost mutation: You are clumsy. (Dex -2) [potion of mutation]
   766 | D:5      | Reached XP level 7. HP: 19/52 MP: 4/15
   827 | D:5      | Found a stormy altar of Qazlal.
   886 | D:7      | Reached skill level 7 in Unarmed Combat
   916 | D:7      | Reached skill level 2 in Conjurations
   916 | D:7      | Reached skill level 2 in Hexes
   916 | D:7      | Reached skill level 2 in Charms
   916 | D:7      | Reached skill level 2 in Summonings
   916 | D:7      | Reached skill level 2 in Necromancy
   916 | D:7      | Reached skill level 2 in Translocations
   916 | D:7      | Reached skill level 2 in Fire Magic
   916 | D:7      | Reached skill level 2 in Ice Magic
   916 | D:7      | Reached skill level 2 in Air Magic
   916 | D:7      | Reached skill level 2 in Earth Magic
   916 | D:7      | Reached skill level 2 in Poison Magic
   944 | D:7      | Found an iron altar of Okawaru.
   945 | D:7      | Noticed a hornet
   952 | D:7      | Paralysed by a hornet for 1 turns
   966 | D:7      | Killed a hornet
   966 | D:7      | Reached skill level 3 in Invocations
  1059 | D:9      | Noticed a hungry ghost
  1066 | D:9      | Found a shadowy altar of Dithmenos.
  1074 | D:9      | Killed a hungry ghost
  1074 | D:9      | Reached skill level 4 in Fighting
  1074 | D:9      | Reached XP level 8. HP: 40/60 MP: 11/16
  1095 | D:9      | Noticed a vampire
  1112 | D:9      | Quit the game

Skill      XL: |  1  2  3  4  5  6  7 |
---------------+----------------------+-----
Spellcasting   | 5 |  5.8
Invocations    | 1 2 3 |  3.2
Short Blades   | 1 2 |  2.9
Long Blades    | 1 2 |  2.9
Axes           | 1 2 |  2.9
Maces & Flails | 1 2 |  2.9
Polearms       | 1 2 |  2.9
Staves         | 1 2 |  2.9
Slings         | 1 2 |  2.9
Bows           | 1 2 |  2.9
Crossbows      | 1 2 |  2.9
Throwing       | 1 2 |  2.9
Armour         | 1 2 |  2.9
Stealth        | 1 2 |  2.9
Shields        | 1 2 |  2.9
Evocations     | 1 2 |  2.9
Fighting       | 3 4 |  4.0
Conjurations   | 1 2 |  2.3
Hexes          | 1 2 |  2.3
Charms         | 1 2 |  2.3
Summonings     | 1 2 |  2.3
Necromancy     | 1 2 |  2.3
Translocations | 1 2 |  2.3
Fire Magic     | 1 2 |  2.3
Ice Magic      | 1 2 |  2.3
Air Magic      | 1 2 |  2.3
Earth Magic    | 1 2 |  2.3
Poison Magic   | 1 2 |  2.3
Transmutations | 4 |  4.5
Dodging        | 5 |  5.5
Unarmed Combat | 7 |  7.2

Action                   |  1- 3 |  4- 6 |  7- 9 || total
-------------------------+-------+-------+-------++-------
Melee: Unarmed           |    65 |    51 |    53 ||   169
       Headbutt          |     4 |       |       ||     4
       Punch             |     3 |       |       ||     3
 Cast: Beastly Appendage |     8 |       |       ||     8
       Spider Form       |     7 |     5 |     9 ||    21
       Sticks to Snakes  |       |     3 |     4 ||     7
  Use: Potion            |       |     6 |     3 ||     9
       Scroll            |       |     1 |     4 ||     5
 Stab: Sleeping          |     2 |       |     2 ||     4
  Eat: Ration            |     1 |     1 |       ||     2
Armor: Robe              |     5 |       |       ||     5
Dodge: Dodged            |    46 |    39 |    52 ||   137

Table legend:
 A = Turns spent in this place as a percentage of turns spent in the entire game.
 B = Non-inter-level travel turns spent in this place as a percentage of non-inter-level travel turns spent in the entire game.
 C = Inter-level travel turns spent in this place as a percentage of turns spent in this place.
 D = Turns resting spent in this place as a percentage of non-inter-level travel turns spent in this place.
 E = Turns spent auto-exploring this place as a percentage of non-inter-level travel turns spent in this place.
 F = Non-inter-level travel turns spent in this place divided by the number of levels of this place that you've seen.
                   A       B       C       D       E      F
               +-------+-------+-------+-------+-------+----------------------
         Total | 100.0 | 100.0 |   0.0 |   0.0 |   0.0 | 111.2
       Dungeon |  93.3 |  93.3 |   0.0 |   0.0 |   0.0 | 115.3
        Temple |   6.7 |   6.7 |   0.0 |   0.0 |   0.0 |  74.0
               +-------+-------+-------+-------+-------+----------------------

Table legend:
 A = Kills in this place as a percentage of kills in entire the game.
 B = Kills by you in this place as a percentage of kills by you in the entire game.
 C = Kills by friends in this place as a percentage of kills by friends in the entire game.
 D = Other kills in this place as a percentage of other kills in the entire game.
 E = Experience gained in this place as a percentage of experience gained in the entire game.
 F = Experience gained in this place divided by the number of levels of this place that you have seen.
                   A       B       C       D       E      F
               +-------+-------+-------+-------+-------+----------------------
         Total | 100.0 | 100.0 | 100.0 |   N/A | 100.0 | 137.7
       Dungeon | 100.0 | 100.0 | 100.0 |   N/A | 100.0 | 153.0
               +-------+-------+-------+-------+-------+----------------------

Vault maps used:
D:1:      enne_arrival_octagon_isle, solitary_fountain
D:2:      kennysheep_another_room
D:3:      first_ration
D:4:      elyvilon_altar_1, minmay_checkerbox, uniq_blork_the_orc
D:5:      yredelemnul_altar_generic, nicolae_overflow_hidden_temple,
          minmay_temple_entry_junction, kennysheep_nub
D:6:      gup_sewer_entry_bowl
D:7:      chequers_temple_overflow_minitemple,
          gammafunk_temple_overflow_forgotten, kennysheep_mini_moat
D:8:      st_stairs_7, uniq_joseph
D:9:      wad_crossroads, lemuel_round_altar, serial_shops, shop, basic_altar,
          hangedman_pestilent_swarm
Temple:   jpeg_temple_clearing
